 Dungeon Crawl Stone Soup version 0.31-a0-1204-ge2c1a860ed (webtiles) character file.

Game seed: 10872108676519518799

1008 LeprechaunX the Changeling (level 8, -2/81 HPs)
             Began as an Octopode Shapeshifter on Dec 12, 2023.
             Slain by an orc priest
             ... wielding a +1 flail of protection
              (5 damage)
             ... on level 5 of the Dungeon.
             The game lasted 00:06:30 (4438 turns).

LeprechaunX the Changeling (Octopode Shapeshifter)  Turns: 4438, Time: 00:06:32

Health: -2/81      AC: 24    Str: 13    XL:     8   Next: 20%
Magic:  8/8        EV:  2    Int: 13    God:
Gold:   267        SH:  0    Dex: 13    Spells: 7/7 levels left

rFire   + .          .
                       - Unarmed
rCold   . . .        (no shield)
rNeg    . . .        (helmet currently unavailable)
rPois   +            (no amulet)
rElec   .            u - ring of protection from fire
rCorr   .            (no ring)
SInv    .            (no ring)
Will    .....        (no ring)
Stlth   +            (no ring)
HPRegen 0.33/turn    (no ring)
MPRegen 0.11/turn    (no ring)
                     (no ring)

%: no passive effects
@: confused, tree-form
A: stationary, stasis, torment immunity, boosted hp, almost no armour,
(amphibious), 8 rings, (camouflage 1), (gelatinous body 1), (nimble swimmer 1),
(tentacles)
a: no special abilities


You were on level 5 of the Dungeon.
You were a tree.
You visited 1 branch of the dungeon, and saw 5 of its levels.
You also visited: Ossuary.

You collected 267 gold pieces.

Inventory:

Missiles
 f - a throwing net
Jewellery
 u - a ring of protection from fire (left branch)
Talismans
 b - a beast talisman
 c - a flux talisman
 r - a blade talisman
Scrolls
 d - 4 scrolls of teleportation {unknown}
 e - 2 scrolls of poison {unknown}
 i - 2 scrolls of enchant weapon {unknown}
 o - 2 scrolls of fear {unknown}
 q - a scroll of fog {unknown}
 t - a scroll of immolation {unknown}
 v - a scroll of identify {unknown}
 x - 2 scrolls of noise {unknown}
Potions
 a - 4 potions of lignification
 g - a potion of mutation {unknown}
 h - a potion of berserk rage {unknown}
 j - a potion of attraction {unknown}
 k - 4 potions of curing {unknown}
 l - 2 potions of enlightenment {unknown}
 m - 3 potions of might {unknown}
 n - 2 potions of invisibility {unknown}
 p - a potion of brilliance {unknown}
 w - a potion of degeneration {unknown}
 z - a potion of haste {unknown}
 A - a potion of heal wounds {unknown}


   Skills:
 + Level 4.2 Fighting
 + Level 2.9 Throwing
 - Level 2.0 Dodging
 + Level 5.2 Unarmed Combat
 * Level 6.4 Shapeshifting


You had 7 spell levels left.
You didn't know any spells.
Your spell library was empty.

Dungeon Overview and Level Annotations

Branches:
Dungeon (5/15)            Ossuary (visited)
 Temple: D:4-7

Altars:
Elyvilon
Fedhas
Hepliaklqana
Xom
Yredelemnul

Shops:
D:1 [   D:2 *

Annotations:
D:3 3 runed translucent doors, chickenman's ghost, weakling SpCj
D:4 Dowan


Innate Abilities, Weirdness & Mutations

You are a tree.
Your roots penetrate the ground, keeping you stationary.
You cannot be teleported.
You are immune to unholy pain and torment.
Your maximum health is greatly increased.
You cannot wear most types of armour.
((You are amphibious.))
You can wear up to eight rings at the same time.
((Your skin changes colour to match your surroundings (Stealth+).))
((Your rubbery body absorbs attacks. (AC +1, EV +1)))
((You are camouflaged when in or above water. (Stealth+)))
((You have tentacles for arms and can constrict up to eight enemies at once.))


Message History

You hit the orc.
The orc is moderately wounded.
The orc hits you but does no damage.
The orc priest hits you but does no damage.
Something hits you but does no damage.
You hit the orc. You punch the orc.
You kill the orc!
The orc priest hits you with a +1 flail of protection.
* * * LOW HITPOINT WARNING * * *
Something hits you but does no damage.
You hit the orc priest but do no damage.
The orc priest is lightly wounded.
The orc priest hits you but does no damage.
You hear some strange, mumbled words.
You are confused.
You hit the orc priest but do no damage.
You punch the orc priest, but do no damage.
The orc priest is lightly wounded.
The orc priest hits you but does no damage.
Something hits you but does no damage.
You miss the orc priest.
The orc priest is lightly wounded.
The orc priest hits you but does no damage.
Something hits you but does no damage.
You barely miss the orc priest.
The orc priest is lightly wounded.
Something hits you.
* * * LOW HITPOINT WARNING * * *
The orc priest hits you but does no damage.
You hit the orc priest but do no damage.
The orc priest is lightly wounded.
The orc priest begins to cast a cantrip, but forgets the words!
Something hits you but does no damage.
You hit the orc priest.
The orc priest is lightly wounded.
You hear some strange, mumbled words.
A puff of flame appears from out of thin air!
The puff of flame hits you but does no damage.
The orc priest hits you with a +1 flail of protection.
You die...

########
#......#
#......#
#......#
#......#
##.....(#####
#..>.{o......
#....♣)...#
+.....###.#
#.....# .#
#.....###.#
###+##....#
###+##./..##
............## #
###..........#.#
#........#....


You could see an orc priest.

Vanquished Creatures
  A phantom (D:4)
  3 scorpions
  A water moccasin zombie (Ossuary)
  4 centaur zombies (Ossuary)
  2 bullfrog zombies (Ossuary)
  A hound (D:5)
  2 orc priests
  2 iguanas (D:4)
  2 orc wizards (D:5)
  A scorpion zombie (Ossuary)
  2 ogre zombies (Ossuary)
  A mummy (Ossuary)
  4 gnolls
  4 adders
  3 adder zombies (Ossuary)
  7 worms
  2 dart slugs
  10 orcs
  13 endoplasms
  8 giant cockroaches
  6 goblins
  4 hobgoblins (D:2)
  2 jackals (D:2)
  2 quokkas
  4 ball pythons
  8 bats
  3 frilled lizards
  3 gnoll zombies (Ossuary)
  3 goblin zombies (Ossuary)
  4 hobgoblin zombies (Ossuary)
  4 kobolds
  3 orc zombies (Ossuary)
  5 rats
124 creatures vanquished.

Vanquished Creatures (collateral kills)
  3 gnolls (D:4)
  A kobold (D:4)
4 creatures vanquished.

Grand Total: 128 creatures vanquished

Notes
Turn   | Place    | Note
-------+----------+-------------------------------------------
     0 | D:1      | LeprechaunX the Octopode Shapeshifter began the quest for
                  | the Orb.
     0 | D:1      | Reached XP level 1. HP: 13/13 MP: 1/1
   165 | D:1      | Found Agoff's Armour Emporium.
   209 | D:1      | Reached XP level 2. HP: 16/18 MP: 2/2
   366 | D:1      | Found a faded altar of an unknown god.
   654 | D:2      | Found Jikleu's General Store.
   680 | D:2      | Reached XP level 3. HP: 13/23 MP: 3/3
  1017 | D:2      | Reached XP level 4. HP: 25/29 MP: 4/4
  1192 | D:2      | Found a white marble altar of Elyvilon.
  1345 | D:3      | Reached skill level 4 in Shapeshifting
  1440 | D:3      | Found a basalt altar of Yredelemnul.
  1440 | D:3      | Found a blossoming altar of Fedhas.
  1741 | D:3      | Reached XP level 5. HP: 18/35 MP: 5/5
  2006 | D:3      | Found a runed translucent gate.
  2006 | D:3      | Found a runed translucent gate.
  2006 | D:3      | Found a runed translucent gate.
  2008 | D:3      | Noticed chickenman's ghost (weakling SpCj)
  2525 | D:3      | Reached XP level 6. HP: 28/41 MP: 6/6
  2715 | D:4      | Reached skill level 5 in Shapeshifting
  2735 | D:4      | Reached skill level 1 in Throwing
  3239 | D:4      | Noticed Dowan
  3280 | D:4      | Reached XP level 7. HP: 17/46 MP: 7/7
  3286 | D:5      | Entered Level 5 of the Dungeon
  3345 | D:5      | Found a shimmering altar of Xom.
  3347 | D:5      | Found a hazy altar of Hepliaklqana.
  3347 | D:5      | Noticed a tentacled monstrosity
  3348 | D:5      | Noticed a spectral ugly thing
  3348 | D:5      | Noticed a tentacled monstrosity
  3404 | D:5      | Found a sand-covered staircase.
  3440 | Ossuary  | Entered an ossuary
  3928 | Ossuary  | Reached skill level 6 in Shapeshifting
  3933 | Ossuary  | Reached skill level 5 in Unarmed Combat
  3941 | Ossuary  | Reached XP level 8. HP: 13/54 MP: 8/8
  4145 | Ossuary  | Noticed a silent spectre
  4432 | D:5      | HP: 3/81 [orc priest/+1 flail of protection (5)]
  4438 | D:5      | Slain by an orc priest

Illustrated notes

Levels and vault maps discovered:
D:1:      psy_arrival_whirlpool, layout_loops_ring, serial_shops,
          nicolae_shop_peninsula, dreamdust_ecumenical_altar_hidden_monk_grotto
D:2:      layout_rooms, serial_shops, shop, basic_altar, minmay_unequal
D:3:      layout_basic, amethyst_overflow_temple_binary,
          ebering_ghost_rock_garden
D:4:      layout_basic, minmay_temple_entry_hall, nrook_mini_backslash,
          uniq_duvessa
D:5:      layout_basic, regret_index_temple_of_mockery,
          nicolae_ossuary_entry_monument, serial_shops, shop_coins

Skill      XL: |  1  2  3  4  5  6  7 |
---------------+----------------------+-----
Fighting       | 2 3 4 |  4.2
Shapeshifting  | 4 5 6 |  6.4
Unarmed Combat | 4 5 |  5.2
Throwing       | 1 2 |  2.9
Dodging        | |  2.0

Action                     |  1- 3 |  4- 6 |  7- 9 || total
---------------------------+-------+-------+-------++-------
  Melee: Unarmed           |    80 |    95 |   132 ||   307
         Constrict         |    24 |    26 |    27 ||    77
         Tentacles         |    19 |    20 |    41 ||    80
         Punch             |     3 |     7 |     8 ||    18
  Throw: Dart              |       |     2 |     2 ||     4
    Use: Potion            |       |       |     1 ||     1
   Stab: Sleeping          |     5 |     5 |     2 ||    12
         Distracted        |       |     1 |     1 ||     2
 Armour: Skin              |    32 |    46 |   120 ||   198
  Dodge: Dodged            |    47 |    47 |    75 ||   169

Table legend: (Time is in decaauts)
 A = Elapsed time spent in this place.
 B = Non-inter-level travel time spent in this place.
 C = Inter-level travel time spent in this place.
 D = Time resting spent in this place.
 E = Time spent auto-exploring this place.
 F = Levels seen in this place.
 G = Mean time per level.
                   A        B        C        D        E       F      G
               +--------+--------+--------+--------+--------+-----+--------+
         Total |   4415 |   4223 |    192 |    628 |   2620 |   6 |  735.8 |
       Dungeon |   3610 |   3418 |    192 |    360 |   2240 |   5 |  722.0 |
       Ossuary |    805 |    805 |      0 |    268 |    380 |   1 |  805.0 |
               +--------+--------+--------+--------+--------+-----+--------+

Top non-repeatable levels by time:
     D:3: 1421 daAuts
 Ossuary: 805 daAuts
     D:2: 731 daAuts
     D:1: 652 daAuts
     D:4: 471 daAuts
     D:5: 332 daAuts
